 Dungeon Crawl Stone Soup version 0.20-a0-553-g9f38e11 (webtiles) character file.

2 drasked the Sneak (level 1, 0/9 HPs)
             Began as a Spriggan Enchanter on Feb 3, 2017.
             Slain by a jackal (2 damage)
             ... on level 1 of the Dungeon.
             The game lasted 00:03:25 (300 turns).

drasked the Sneak (Spriggan Enchanter)               Turns: 300, Time: 00:03:25

Health: 0/9        AC:  2    Str:  4    XL:     1   Next: 33%
Magic:  5/5        EV: 18    Int: 16    God:
Gold:   13         SH:  0    Dex: 16    Spells: 4/5 levels left

rFire    . . .     SeeInvis +   a - +1 dagger
rCold    . . .     Gourm    .   b - +0 robe
rNeg     . . .     Faith    .   (shield restricted)
rPois    .         Spirit   .   (helmet restricted)
rElec    .         Reflect  .   (no cloak)
rCorr    .         Harm     .   (gloves unavailable)
MR       .....                  (boots unavailable)
Stlth    +++.......             (no amulet)
Regen    0.1/turn               (no ring)
                                (no ring)

@: very quick
A: unfitting armour, see invisible, herbivore 3, speed 3, slow metabolism 2
a: no special abilities


You were on level 1 of the Dungeon.
You were not hungry.

You visited 1 branch of the dungeon, and saw 1 of its levels.

You collected 13 gold pieces.

Inventory:

Hand Weapons
 a - a +1 dagger (weapon)
Armour
 b - a +0 robe (worn)
Books
 c - a book of Maledictions
Comestibles
 d - a bread ration
 f - 2 royal jellies


   Skills:
 + Level 1.1 Short Blades
 - Level 3.0 Dodging
 + Level 4.5 Stealth
 * Level 2.9 Spellcasting
 - Level 3.6 Hexes


You had 4 spell levels left.
You knew the following spells:

 Your Spells              Type           Power        Failure   Level  Hunger
a - Corona                Hex            ##.....      6%          1    #......


Dungeon Overview and Level Annotations

Branches:
Dungeon (1/15)

Altars:


Innate Abilities, Weirdness & Mutations

You are very small and have problems with some larger weapons.
You are too small for most types of armour.
You have supernaturally acute eyesight. (SInv)
You are a herbivore.
You cover ground extremely quickly.
You need consume almost no food.


Message History

You don't know that spell.
Casting: Corona
Confirm with . or Enter, or press ? or * to list all spells.
You don't know that spell.
Casting: Corona
Confirm with . or Enter, or press ? or * to list all spells.
You don't know that spell.
Found a stone staircase leading down.
A bat comes into view.
Found a scroll labeled DALAYW KASIRPH.
f - 2 royal jellies The bat misses you.
You hit the bat.
The bat is severely wounded.
The bat hits you but does no damage. The bat completely misses you.
You hit the bat.
You kill the bat!
You see here a bat corpse.
Welcome back, drasked the Spriggan Enchanter.
A kobold comes into view. It is wielding a short sword.
A kobold is nearby!
The kobold moves out of view.
You closely miss the kobold. The kobold completely misses you.
You closely miss the kobold. The kobold hits you but does no damage.
You hit the kobold. The kobold hits you with a short sword.
You take 4 damage, and have 5/9 hp.
MASSIVE DAMAGE!!
A jackal comes into view.
You start resting.
Health restored: 9 You now have 13 gold pieces (gained 6).
A frilled lizard comes into view.
The helpless frilled lizard fails to defend itself.
You puncture the frilled lizard!
You kill the frilled lizard!
A dart slug comes into view.
The dart slug is too close now for your liking.
The dart slug is too close now for your liking.
You see here a whip.
A ball python comes into view.
A goblin comes into view.
The goblin shouts!
A jackal comes into view.
A jackal comes into view.
Found a stone staircase leading down.
A jackal comes into view.
The jackal barks!
The jackal barks!
The jackal barks!
The jackal bites you but does no damage.
You see here a scroll labeled LOXEID AFFAEXO.
You hit the jackal. The jackal misses you.
You hit the jackal but do no damage.
The jackal bites you but does no damage.
You hit the jackal but do no damage. You hit the jackal but do no damage.
The jackal misses you. x2
The jackal closely misses you.
You barely miss the jackal. The jackal barely misses you.
The jackal closely misses you.
You closely miss the jackal. You barely miss the jackal. The jackal bites you.
The jackal completely misses you. The jackal bites you.
You take 4 damage, and have 5/9 hp.
MASSIVE DAMAGE!!
You completely miss the jackal. The jackal barely misses you.
The jackal misses you.
You barely miss the jackal. The jackal misses you. The jackal bites you.
You take 2 damage, and have 3/9 hp.
MASSIVE DAMAGE!!
You hit the jackal but do no damage. The jackal misses you.
The jackal barely misses you. The jackal closely misses you. x2
You hit the jackal but do no damage. The jackal misses you.
The jackal barely misses you.
You closely miss the jackal. The jackal barely misses you.
The jackal misses you.
You closely miss the jackal. The jackal misses you.
The jackal closely misses you. The jackal barely misses you.
The jackal misses you.
You barely miss the jackal. The jackal completely misses you.
The jackal barely misses you.
You hit the jackal. The jackal misses you. The jackal barely misses you.
You hit the jackal. The jackal misses you. The jackal bites you.
* * * LOW HITPOINT WARNING * * *
The jackal misses you.
You take 1 damage, and have 2/9 hp.
You barely miss the jackal. The jackal barely misses you. x3
You hit the jackal.
You kill the jackal!
You barely miss the jackal. The jackal misses you.
The jackal closely misses you.
You hit the jackal but do no damage. The jackal closely misses you. x2
The jackal misses you. The jackal closely misses you.
You barely miss the jackal. The jackal barely misses you.
The jackal misses you.
You hit the jackal. The jackal closely misses you.
The jackal barely misses you.
You hit the jackal but do no damage. The jackal misses you.
The jackal barely misses you. x2; The jackal bites you.
You die... #. .# ###. ..# #.. ... ### ####.##.. ###@# #......# #ghh#

#......# ##.###
#......# #..#
#....#########
#######?###
##.#.....).....
#..hh.....#
#..#.########..
#..>......# #.##.#
#.. #.........#
#.##.# #..
#####...g####.##.#
#..


You could see 2 jackals and a goblin.

Vanquished Creatures
  A jackal (D:1)
  A bat (D:1)
  A frilled lizard (D:1)
3 creatures vanquished.

Notes
Turn   | Place    | Note
-------+----------+-------------------------------------------
     0 | D:1      | drasked the Spriggan Enchanter began the quest for the Orb.
     0 | D:1      | Reached XP level 1. HP: 9/9 MP: 5/5
   293 | D:1      | HP: 2/9 [jackal (1)]
   300 | D:1      | Slain by a jackal

Vault maps used:
D:1:      minmay_arrival_semitransparent

Action                   || total
-------------------------++-------
Melee: Dagger            ||    29
 Stab: Sleeping          ||     1
Armor: Robe              ||     4
Dodge: Dodged            ||    47

Vault maps used:
D:1:      minmay_arrival_semitransparent

Table legend:
 A = Turns spent in this place as a percentage of turns spent in the entire game.
 B = Non-inter-level travel turns spent in this place as a percentage of non-inter-level travel turns spent in the entire game.
 C = Inter-level travel turns spent in this place as a percentage of turns spent in this place.
 D = Turns resting spent in this place as a percentage of non-inter-level travel turns spent in this place.
 E = Turns spent auto-exploring this place as a percentage of non-inter-level travel turns spent in this place.
 F = Non-inter-level travel turns spent in this place divided by the number of levels of this place that you've seen.
                   A       B       C       D       E      F
               +-------+-------+-------+-------+-------+----------------------
         Total | 100.0 | 100.0 |   0.4 |   0.8 |   2.5 | 242.0
       Dungeon | 100.0 | 100.0 |   0.4 |   0.8 |   2.5 | 242.0
               +-------+-------+-------+-------+-------+----------------------

Table legend:
 A = Kills in this place as a percentage of kills in entire the game.
 B = Kills by you in this place as a percentage of kills by you in the entire game.
 C = Kills by friends in this place as a percentage of kills by friends in the entire game.
 D = Other kills in this place as a percentage of other kills in the entire game.
 E = Experience gained in this place as a percentage of experience gained in the entire game.
 F = Experience gained in this place divided by the number of levels of this place that you have seen.
                   A       B       C       D       E      F
               +-------+-------+-------+-------+-------+----------------------
         Total | 100.0 | 100.0 |  -nan |  -nan | 100.0 |   4.0
       Dungeon | 100.0 | 100.0 |  -nan |  -nan | 100.0 |   4.0
               +-------+-------+-------+-------+-------+----------------------
